 Dungeon Crawl Stone Soup version 0.18.1-50-g88ac8fd (console) character file.

526 Gottschkopf the Magician (level 7, -2/36 HPs)
             Began as a Deep Elf Conjurer on Sept 30, 2016.
             Slain by a giant frog (7 damage)
             ... in a sewer.
             The game lasted 00:08:09 (3400 turns).

Gottschkopf the Magician (Deep Elf Conjurer)        Turns: 3400, Time: 00:08:10

Health: -2/36      AC:  4    Str:  5    XL:     7   Next: 2%
Magic:  0/19       EV: 13    Int: 22    God:
Gold:   193        SH:  0    Dex: 15    Spells: 5 memorised, 4 levels left

rFire  . . .     SeeInvis .     n - +1 short sword (venom)
rCold  . . .     Gourm    .     a - +0 robe
rNeg   . . .     Faith    .     (no shield)
rPois  .         Spirit   .     (no helmet)
rElec  .         Dismiss  .     g - +1 cloak
rCorr  .         Reflect  .     (no gloves)
SustAt .         Harm     .     (no boots)
MR     .....                    w - amulet of inaccuracy
Stlth  +.........               (no ring)
                                (no ring)

@: not resistant to hostile enchantments, very unstealthy
A: no striking features
a: no special abilities


You were in a sewer.
You were hungry.

You visited 1 branch of the dungeon, and saw 4 of its levels.
You also visited: Sewer.

You collected 193 gold pieces.

Inventory:

Hand Weapons
 j - a +1 dagger of speed
 n - a +1 short sword of venom (weapon)
Armour
 a - a +0 robe (worn)
 g - a +1 cloak (worn)
Jewellery
 w - an amulet of inaccuracy (around neck)
Wands
 s - a wand of hasting (5/9)
Scrolls
 i - 2 scrolls of recharging
 l - a scroll of immolation {unknown}
 q - a scroll of noise {unknown}
 t - a scroll of blinking
 u - 2 scrolls of fog {unknown}
 x - a scroll of remove curse
Potions
 e - 2 potions of heal wounds
 f - 2 potions of curing
 k - a potion of flight
 m - a potion of cure mutation
 z - 2 potions of magic
 A - a potion of brilliance {unknown}
 B - a potion of might
Books
 b - a book of Conjurations

   Spells                             Type                      Level
   a - Magic Dart                     Conjuration                  1
   b - Searing Ray                    Conjuration                  2
   c - Dazzling Spray                 Conjuration/Hexes            3
   d - Fulminant Prism                Conjuration/Hexes            4
   e - Iskenderun's Mystic Blast      Conjuration                  4
   f - Iskenderun's Battlesphere      Conjuration/Charms           5
Comestibles
 c - 2 bread rations
 h - 2 fruits
 p - a royal jelly
 r - a meat ration
 v - 2 beef jerkies


   Skills:
 - Level 2.4 Dodging
 - Level 2.4 Stealth
 - Level 7.0 Spellcasting
 + Level 6.2 Conjurations
 - Level 5.3 Charms


You had 4 spell levels left.
You knew the following spells:

 Your Spells              Type           Power        Failure   Level  Hunger
a - Magic Dart            Conj           ####         1%          1    None
b - Searing Ray           Conj           #####.       1%          2    None
c - Iskenderun's Mystic   Conj           #####...     10%         4    ###....
d - Fulminant Prism       Conj/Hex       ###.......   28%         4    ###....
e - Iskenderun's Battles  Conj/Chrm      ####....     21%         5    #####..


Dungeon Overview and Level Annotations

Branches:
Dungeon (4/15)
 Temple: D:4-7

Altars:
Dithmenos


Message History

The giant frog hits you but does no damage.
You miss the giant frog.
The giant frog is lightly wounded.
The giant frog closely misses you. The giant frog hits you!
You completely miss the giant frog.
The giant frog is moderately wounded.
The giant frog barely misses you. The giant frog hits you.
Casting: Magic Dart
Confirm with . or Enter, or press ? or * to list all spells.
Aiming: Magic Dart
Press: ? - help, Shift-Dir - straight line, f/p - giant frog
Aim: a giant frog (moderately wounded, poisoned)
The magic dart hits the giant frog.
The giant frog is heavily wounded.
The giant frog closely misses you. The giant frog barely misses you.
The giant frog closely misses you. The giant frog hits you!
* * * LOW HITPOINT WARNING * * *
The giant frog hits you!
You die...

########################
###..≈≈≈≈≈≈≈≈≈≈≈≈≈≈≈≈.†..#
##....≈≈≈≈≈≈≈≈≈≈≈≈≈≈≈≈.....
##....≈≈≈≈≈≈≈≈≈@F≈†≈≈†≈†....
#......≈≈≈≈≈≈≈≈≈≈≈≈≈≈≈≈.....
##......≈≈≈≈≈≈≈≈≈≈≈≈≈≈≈≈≈.†..
#......≈≈≈≈≈≈≈≈≈≈≈≈≈≈≈≈≈....#
#.....#####################+#
#....#### .....'..# ...†##..#
...†#####


You could see a giant frog.

Vanquished Creatures
  A giant frog (Sewer)
  A howler monkey (D:2)
  A hound (D:4)
  2 orc wizards
  2 worker ants (D:4)
  3 gnolls (D:4)
  17 adders
  A river rat (Sewer)
  An ooze (Sewer)
  3 worms
  A dart slug (D:3)
  5 orcs
  4 bats
  A giant cockroach (D:2)
  5 hobgoblins
  2 quokkas
  10 ball pythons (Sewer)
  5 giant newts
  7 goblins
  6 kobolds
  31 rats
109 creatures vanquished.

Notes
Turn   | Place    | Note
--------------------------------------------------------------
     0 | D:1      | Gottschkopf the Deep Elf Conjurer began the quest for the Orb.
     0 | D:1      | Reached XP level 1. HP: 10/10 MP: 6/6
   327 | D:1      | Reached skill level 4 in Spellcasting
   327 | D:1      | Reached XP level 2. HP: 15/15 MP: 5/9
   387 | D:1      | Learned a level 2 spell: Searing Ray
   764 | D:2      | Reached skill level 5 in Spellcasting
   764 | D:2      | Reached XP level 3. HP: 17/19 MP: 2/11
   857 | D:2      | Reached skill level 6 in Spellcasting
   857 | D:2      | Reached XP level 4. HP: 23/24 MP: 7/14
   863 | D:2      | Learned a level 4 spell: Iskenderun's Mystic Blast
   868 | D:2      | Learned a level 4 spell: Fulminant Prism
  1671 | D:3      | Reached skill level 7 in Spellcasting
  1671 | D:3      | Reached XP level 5. HP: 28/28 MP: 2/16
  1678 | D:3      | Learned a level 5 spell: Iskenderun's Battlesphere
  2018 | D:3      | Found a shadowy altar of Dithmenos.
  2610 | D:4      | Reached skill level 5 in Charms
  2610 | D:4      | Reached XP level 6. HP: 30/32 MP: 11/18
  2735 | D:4      | Found a glowing drain.
  2744 | Sewer    | Entered a sewer
  2913 | Sewer    | Reached skill level 5 in Conjurations
  3386 | Sewer    | Reached XP level 7. HP: 27/36 MP: 3/19
  3390 | Sewer    | HP: 1/36 [giant frog (8)]
  3400 | Sewer    | Slain by a giant frog

Skill      XL: |  1  2  3  4  5  6 |
---------------+-------------------+-----
Spellcasting   | 4 5 6 7 |  7.0
Charms         | 5 |  5.3
Conjurations   | 6 |  6.2
Dodging        | |  2.4
Stealth        | |  2.4

Action                   |  1- 3 |  4- 6 |  7- 9 || total
-------------------------+-------+-------+-------++-------
Melee: Short sword       |       |     3 |     5 ||     8
 Cast: Magic Dart        |    40 |   220 |     3 ||   263
       Searing Ray       |       |     3 |       ||     3
       Iskenderun's Myst |       |       |     1 ||     1
  Use: Scroll            |       |    12 |       ||    12
       Potion            |       |       |     1 ||     1
  Eat: Chunk             |       |     7 |       ||     7
Armor: Robe              |     1 |    13 |     4 ||    18
Dodge: Dodged            |     3 |    45 |    10 ||    58
